 Dungeon Crawl Stone Soup version 0.22-a0-274-gf8199ec (webtiles) character file.

70 sankara the Chiller (level 4, -1/33 HPs)
             Began as a Draconian Ice Elementalist on Mar 14, 2018.
             Was an Initiate of Kikubaaqudgha.
             Succumbed to Robin's poison
             ... on level 2 of the Dungeon.
             The game lasted 00:10:37 (2026 turns).

sankara the Chiller (Draconian Ice Elementalist)    Turns: 2026, Time: 00:10:39

Health: -1/33      AC:  6    Str: 10    XL:     4   Next: 4%
Magic:  1/8        EV: 12    Int: 17    God:    Kikubaaqudgha [......]
Gold:   85         SH:  0    Dex: 11    Spells: 5/9 levels left

rFire    . . .     SeeInvis .   a - +0 dagger
rCold    . . .     Gourm    .   (no shield)
rNeg     . . .     Faith    .   (armour unavailable)
rPois    .         Spirit   .   (helmet restricted)
rElec    .         Reflect  .   (no cloak)
rCorr    .         Harm     .   (no gloves)
MR       .....                  l - +0 pair of boots
Stlth    ++........             (no amulet)
HPRegen  0.11/turn              (no ring)
MPRegen  0.11/turn              (no ring)

@: lethally poisoned (-1 -> -31)
A: unfitting armour, cold-blooded, AC +5
a: Renounce Religion


You were on level 2 of the Dungeon.
You worshipped Kikubaaqudgha.
Kikubaaqudgha was noncommittal.
You were not hungry.

You visited 1 branch of the dungeon, and saw 3 of its levels.

You collected 85 gold pieces.

Inventory:

Hand Weapons
 a - a +0 dagger (weapon)
   (You took it off a goblin on level 2 of the Dungeon)
Missiles
 i - 46 sling bullets
 p - 68 stones (quivered)
Armour
 l - a +0 pair of boots (worn)
   (You found it on level 1 of the Dungeon)
Potions
 c - a potion of heal wounds {unknown}
 d - a potion of magic {unknown}
 f - a potion of degeneration {unknown}
 g - 2 potions of mutation {unknown}
 k - a potion of brilliance {unknown}
 n - 2 potions of flight
Comestibles
 b - 5 rations
 h - 2 chunks of flesh {@w0}


   Skills:
 - Level 1.7 Dodging
 - Level 1.7 Stealth
 + Level 3.0 Spellcasting
   Level 1.0 Conjurations
 + Level 0.9 Charms
 + Level 3.9 Ice Magic


You had 5 spell levels left.
You knew the following spells:

 Your Spells              Type           Power        Failure   Level  Hunger
a - Freeze                Ice            ###.         3%          1    None
b - Ozocubu's Armour      Chrm/Ice       ##......     19%         3    ###....


Dungeon Overview and Level Annotations

Branches:
Dungeon (3/15)

Altars:
Kikubaaqudgha
Yredelemnul

Annotations:
D:3 Robin


Innate Abilities, Weirdness & Mutations

Your plain brown scales are hard. (AC +5)
You cannot fit into any form of body armour.
You are cold-blooded and may be slowed by cold attacks.


Message History

Aiming: Freeze (safe; 3% risk of failure)
Press: ? - help, Shift-Dir - straight line, f - adder
Aim: an adder You freeze the adder.
The adder is lightly wounded.
The adder bites you but does no damage.
Casting: Freeze (safe; 3% risk of failure)
Confirm with . or Enter, or press ? or * to list all spells.
Aiming: Freeze (safe; 3% risk of failure)
Press: ? - help, Shift-Dir - straight line, f/p - adder
Aim: an adder (lightly wounded)
You freeze the adder.
The adder is heavily wounded.
The adder bites you but does no damage.
Casting: Freeze (safe; 3% risk of failure)
Confirm with . or Enter, or press ? or * to list all spells.
Aiming: Freeze (safe; 3% risk of failure)
Press: ? - help, Shift-Dir - straight line, f/p - adder
Aim: an adder (heavily wounded)
You freeze the adder.
The adder seems to slow down.
The adder is almost dead.
The adder closely misses you. Robin hits you but does no damage.
You are poisoned.
Casting: Freeze (safe; 3% risk of failure)
Confirm with . or Enter, or press ? or * to list all spells.
Aiming: Freeze (safe; 3% risk of failure)
Press: ? - help, Shift-Dir - straight line, f/p - adder
Aim: an adder (almost dead, slow)
You freeze the adder.
You kill the adder!
Kikubaaqudgha accepts your kill.
You have reached level 4!
You feel clever.
You feel sick. Robin barely misses you.
You feel sick.
The goblin no longer looks unusually strong.
Robin misses you.
Casting: Freeze (safe; 3% risk of failure)
Confirm with . or Enter, or press ? or * to list all spells.
Aiming: Freeze (safe; 3% risk of failure)
Press: ? - help, Shift-Dir - straight line, f - Robin
Aim: Robin, wielding a spear of venom, wearing an animal skin and wearing a helmet You freeze Robin.
Robin is lightly wounded.
Robin hits you but does no damage.
Casting: Freeze (safe; 3% risk of failure)
Confirm with . or Enter, or press ? or * to list all spells.
Aiming: Freeze (safe; 3% risk of failure)
Press: ? - help, Shift-Dir - straight line, f/p - Robin
Aim: Robin, wielding a spear of venom, wearing an animal skin and wearing a helmet (lightly wounded)
You freeze Robin.
Robin is severely wounded.
You feel sick. Robin hits you but does no damage.
You are more poisoned.
Casting: Freeze (safe; 3% risk of failure)
Confirm with . or Enter, or press ? or * to list all spells.
Aiming: Freeze (safe; 3% risk of failure)
Press: ? - help, Shift-Dir - straight line, f/p - Robin
Aim: Robin, wielding a spear of venom, wearing an animal skin and wearing a helmet (severely wounded)
You freeze Robin.
Robin is severely wounded.
You feel sick. Robin hits you with a spear of venom.
Casting: Freeze (safe; 3% risk of failure)
Confirm with . or Enter, or press ? or * to list all spells.
You don't have enough magic to cast that spell.
Unknown command.
Casting: Freeze (safe; 3% risk of failure)
Confirm with . or Enter, or press ? or * to list all spells.
You don't have enough magic to cast that spell.
You closely miss Robin.
Robin is severely wounded.
You feel sick.
Robin says, "A pitiful Draconian like you will never find the ORB!"
Robin throws the goblin at you!
You closely miss the goblin.
Your tail-slap misses the goblin.
You feel sick. The goblin closely misses you.
Robin hits you with a spear of venom.
You are lethally poisoned!
You hit the goblin.
The goblin is severely wounded.
You feel sick. The goblin barely misses you.
Robin points. "Kill!"
Robin closely misses you.
You hit the goblin.
You kill the goblin!
Kikubaaqudgha accepts your kill.
* * * LOW HITPOINT WARNING * * *
You feel sick. Robin hits you with a spear of venom.
* * * LOW HITPOINT WARNING * * *
You are more poisoned.
* * * LOW HITPOINT WARNING * * *
You feel sick. Robin barely misses you.
There is a stone staircase leading up here.
Things that are here:
a hunting sling; 18 stones; a goblin corpse
* * * LOW HITPOINT WARNING * * *
You feel very sick. Robin closely misses you.
You climb upwards.
You die...
Kikubaaqudgha rasps: "You have failed me!
Welcome... death!"

#.##########
...........#
##########.########
# #.........(# #
##..#....#.#
#######..#.##.#.#
###........#.##...#
....##.....#.##.###
............[...@#
##............##.#
##.##.###.#.#.##.#
##.##.....#.#....#
##..#######.######
###.## #.# # #..#
#.# # ##.## #.#
####..# #.# #######


There were no monsters in sight!

Vanquished Creatures
  2 adders
  4 dart slugs (D:1)
  A leopard gecko (D:1)
  A bat (D:2)
  4 giant cockroaches
  5 goblins
  5 hobgoblins
  3 jackals (D:1)
  A quokka (D:2)
  2 frilled lizards (D:1)
  6 kobolds
  6 rats
40 creatures vanquished.

Notes
Turn   | Place    | Note
-------+----------+-------------------------------------------
     0 | D:1      | sankara the Draconian Ice Elementalist began the quest for the Orb.
     0 | D:1      | Reached XP level 1. HP: 14/14 MP: 3/3
   264 | D:1      | Reached XP level 2. HP: 16/20 MP: 0/5
  1082 | D:1      | Reached XP level 3. HP: 26/26 MP: 5/7
  1095 | D:1      | Learned a level 3 spell: Ozocubu's Armour
  1264 | D:2      | Found a basalt altar of Yredelemnul.
  1460 | D:2      | Found an ancient bone altar of Kikubaaqudgha.
  1497 | D:2      | Became a worshipper of Kikubaaqudgha
  1745 | D:2      | Reached skill level 3 in Spellcasting
  1959 | D:3      | Noticed Robin
  2015 | D:3      | Reached XP level 4. HP: 29/33 MP: 3/8
  2023 | D:3      | HP: 6/33 [Robin/spear of venom (3)]
  2025 | D:3      | HP: 2/33 [poisoned by Robin]
  2026 | D:2      | Succumbed to Robin's poison

Vault maps used:
D:1:      matt_arrival_los_fun, minivault_14, minmay_misc_feat_pillars
D:2:      lemuel_coloured_pillars_altar, nicolae_overflow_crystal_walls,
          hangedman_glass_teeth, lightli_corner_chamber
D:3:      gup_sewer_entry_pipe, uniq_robin

Skill      XL: |  1  2  3 |
---------------+----------+-----
Spellcasting   | 3 |  3.0
Dodging        | |  1.7
Stealth        | |  1.7
Conjurations   | |  1.0
Charms         | |  0.9
Ice Magic      | |  3.9

Action                   |  1- 3 |  4- 6 || total
-------------------------+-------+-------++-------
Melee: Unarmed           |     4 |       ||     4
       Tailslap          |     4 |       ||     4
       Dagger            |    15 |     4 ||    19
       Short sword       |     5 |       ||     5
Throw: Stone             |     9 |       ||     9
 Cast: Freeze            |    59 |     4 ||    63
       Ozocubu's Armour  |     1 |       ||     1
  Use: Scroll            |     4 |       ||     4
 Stab: Sleeping          |     2 |       ||     2
  Eat: Chunk             |     4 |       ||     4
Armor: Skin              |    32 |     1 ||    33
Dodge: Dodged            |    31 |     7 ||    38

Table legend:
 A = Spawn XP
 B = Non-spawn XP
 C = Spawn XP percentage of total XP
 D = Spawn monster count
 E = Non-spawn monster count
 F = Spawn count percentage of total count
 G = Total turns spent on level
                    A         B        C        D         E        F      G
               +---------+---------+-------+---------+---------+-------+---------
         Total |       0 |     101 |   0.0 |       0 |      40 |   0.0 |  2026
               +---------+---------+-------+---------+---------+-------+---------
           D:1 |       0 |      48 |   0.0 |       0 |      23 |   0.0 |  1245
           D:2 |       0 |      35 |   0.0 |       0 |      14 |   0.0 |   702
           D:3 |       0 |      18 |   0.0 |       0 |       3 |   0.0 |    79
               +---------+---------+-------+---------+---------+-------+---------

Vault maps used:
D:1:      matt_arrival_los_fun, minivault_14, minmay_misc_feat_pillars
D:2:      lemuel_coloured_pillars_altar, nicolae_overflow_crystal_walls,
          hangedman_glass_teeth, lightli_corner_chamber
D:3:      gup_sewer_entry_pipe, uniq_robin

Table legend:
 A = Turns spent in this place as a percentage of turns spent in the entire game.
 B = Non-inter-level travel turns spent in this place as a percentage of non-inter-level travel turns spent in the entire game.
 C = Inter-level travel turns spent in this place as a percentage of turns spent in this place.
 D = Turns resting spent in this place as a percentage of non-inter-level travel turns spent in this place.
 E = Turns spent auto-exploring this place as a percentage of non-inter-level travel turns spent in this place.
 F = Non-inter-level travel turns spent in this place divided by the number of levels of this place that you've seen.
                   A       B       C       D       E      F
               +-------+-------+-------+-------+-------+----------------------
         Total | 100.0 | 100.0 |   2.7 |  26.2 |  45.6 | 657.3
       Dungeon | 100.0 | 100.0 |   2.7 |  26.2 |  45.6 | 657.3
               +-------+-------+-------+-------+-------+----------------------

Table legend:
 A = Kills in this place as a percentage of kills in entire the game.
 B = Kills by you in this place as a percentage of kills by you in the entire game.
 C = Kills by friends in this place as a percentage of kills by friends in the entire game.
 D = Other kills in this place as a percentage of other kills in the entire game.
 E = Experience gained in this place as a percentage of experience gained in the entire game.
 F = Experience gained in this place divided by the number of levels of this place that you have seen.
                   A       B       C       D       E      F
               +-------+-------+-------+-------+-------+----------------------
         Total | 100.0 | 100.0 |   N/A |   N/A | 100.0 |  33.7
       Dungeon | 100.0 | 100.0 |   N/A |   N/A | 100.0 |  33.7
               +-------+-------+-------+-------+-------+----------------------
